 Dungeon Crawl Stone Soup version 0.20.0-15-g7f486f2 (webtiles) character file.

6422 KleinerIrrer the Destroyer (level 10, -2/69 HPs)
             Began as a Black Draconian Conjurer on June 24, 2017.
             Was a Priest of Vehumet.
             Slain by a crocodile (7 damage)
             ... on level 1 of the Lair of Beasts.
             The game lasted 01:10:41 (12213 turns).

KleinerIrrer the Destroyer (DrCj)                  Turns: 12213, Time: 01:10:42

Health: -2/69      AC: 12    Str: 11    XL:     10   Next: 66%
Magic:  8/22       EV: 15    Int: 18    God:    Vehumet [***...]
Gold:   395        SH:  0    Dex: 12    Spells: 16/26 levels left

rFire    . . .     SeeInvis .   v - +2 quarterstaff (chaos)
rCold    . . .     Gourm    .   (shield currently unavailable)
rNeg     . . .     Faith    .   (armour unavailable)
rPois    .         Spirit   .   (helmet restricted)
rElec    +         Reflect  .   w - +2 cloak
rCorr    .         Harm     .   B - +1 pair of gloves
MR       .....                  (no boots)
Stlth    +++.......             (no amulet)
Regen    0.3/turn               (no ring)
MPRegen  0.2/turn               (no ring)

@: no status effects
A: breathe lightning, unfitting armour, electricity resistance, cold-blooded, AC
+7
a: Breathe Lightning, Renounce Religion


You were on level 1 of the Lair of Beasts.
You worshipped Vehumet.
Vehumet was most pleased with you.
You were hungry.

You visited 3 branches of the dungeon, and saw 12 of its levels.

You collected 395 gold pieces.

Inventory:

Hand Weapons
 o - a +2 dagger of venom
 t - a +0 dagger
 v - a +2 quarterstaff of chaos (weapon)
Armour
 w - a +2 cloak (worn)
 B - a +1 pair of gloves (worn)
Jewellery
 D - an uncursed amulet of guardian spirit
Wands
 j - a wand of digging (10/24)
 y - a wand of random effects (25/48)
 E - a wand of iceblast (15/15)
Scrolls
 d - a scroll of remove curse
 f - a scroll of amnesia
 i - 2 scrolls of identify
 p - 2 scrolls of immolation
Potions
 c - a potion of mutation {unknown}
 e - 2 potions of brilliance
 g - 2 potions of agility {unknown}
 k - a potion of heal wounds {unknown}
 l - a potion of invisibility {unknown}
 n - 2 potions of lignification
 q - 3 potions of degeneration
 r - 3 potions of flight
 s - a potion of berserk rage {unknown}
 u - a potion of curing
 A - a potion of might {unknown}
Books
 a - a book of Conjurations

   Spells                             Type                      Level
   a - Magic Dart                     Conjuration                  1
   b - Searing Ray                    Conjuration                  2
   c - Dazzling Spray                 Conjuration/Hexes            3
   d - Fulminant Prism                Conjuration/Hexes            4
   e - Force Lance                    Conjuration/Translocation    4
   f - Iskenderun's Mystic Blast      Conjuration                  4
 m - a book of Air

   Spells                             Type                      Level
   a - Shock                          Conjuration/Air              1
   b - Swiftness                      Charms/Air                   2
   c - Static Discharge               Conjuration/Air              3
   d - Airstrike                      Air                          4
   e - Lightning Bolt                 Conjuration/Air              5
Comestibles
 b - 5 bread rations
 h - 4 meat rations
 z - a fruit
 C - a royal jelly


   Skills:
 + Level 7.1 Dodging
 + Level 4.9 Stealth
 + Level 8.9 Spellcasting
 + Level 10.0 Conjurations
 * Level 4.3 Air Magic


You had 16 spell levels left.
You knew the following spells:

 Your Spells              Type           Power        Failure   Level  Hunger
a - Magic Dart            Conj           ####         1%          1    None
b - Iskenderun's Mystic   Conj           #####...     1%          4    ###....
c - Lightning Bolt        Conj/Air       ####......   3%          5    #####..


Dungeon Overview and Level Annotations

Branches:
Dungeon (9/15)             Temple (1/1) D:4            Lair (2/6) D:8
  Swamp: Lair:2-4    Shoals: Lair:2-4     Snake: Lair:2-4    Spider: Lair:2-4
    Orc: D:9-12

Altars:
Ashenzari
Cheibriados
Dithmenos
Elyvilon
Fedhas
Gozag
Hepliaklqana
Makhleb
Trog
Uskayaw
Vehumet
Xom
Yredelemnul
Zin
The Shining One

Shops:
D:5 :

Annotations:
D:5 Sigmund
D:7 FireFart's ghost, novice GrFE
D:9 Joseph; Psyche


Innate Abilities, Weirdness & Mutations

You can breathe wild blasts of lightning.
Your glossy black scales are hard. (AC +7)
You cannot fit into any form of body armour.
You are resistant to electric shocks. (rElec)
You are cold-blooded and may be slowed by cold attacks.


Message History

The wolf bites you.
* * * LOW HITPOINT WARNING * * *
The wolf barely misses you. The wolf closely misses you. x2
The wolf barely misses you. The wolf bites you but does no damage.
You closely miss the wolf. You tail-slap the wolf.
The wolf is lightly wounded.
The five-headed hydra roars!
The wolf barely misses you. The wolf bites you but does no damage.
The wolf misses you. The bullfrog closely misses you.
The wolf closely misses you.
You miss the wolf.
Your tail-slap misses the wolf.
The wolf completely misses you. The wolf bites you but does no damage.
The bullfrog barely misses you. The wolf barely misses you.
The wolf closely misses you. The bullfrog closely misses you.
You can't go down here!
The wolf closely misses you. x2; The bullfrog misses you.
The wolf barely misses you. The wolf bites you.
* * * LOW HITPOINT WARNING * * *
You climb upwards.
The crocodile bites you!
You die...

#...........## #........#......
#...........P# #...............
#............# #........P......
#...........## .........#......
#............# #.........#..##+
#........[..## #...............
#...........#####................
#..............hFh..........#.##.
........###.#...@...........#..+.
.......## ######t...........+..P.
.......# #.####.......####.
###....## #.# #............
##....# #.# #............ #....#
#.# #......###.## #...## #.##
#.....## #### ## #...#### ##..#
#.....## #
.###...##.#####..####......######


You could see a crocodile, 2 wolves and a bullfrog.

Vanquished Creatures
  A two-headed ogre (D:7)
  A spiny frog (Lair:1)
  A hippogriff (D:8)
  2 wyverns
  2 hungry ghosts (D:8)
  Menkaure (D:7)
  3 water moccasins
  A porcupine (Lair:1)
  An orc warrior (D:8)
  An ice beast (D:7)
  A sky beast (D:8)
  A phantom (D:8)
  7 wolves (Lair:1)
  3 ogres
  4 centaurs
  11 bullfrogs
  A wyvern skeleton (D:7)
  8 scorpions
  A water moccasin skeleton (D:6)
  5 wights (D:9)
  A howler monkey (D:6)
  A centaur zombie (D:7)
  2 crimson imps
  2 orc priests
  7 hounds
  A jelly (D:7)
  Crazy Yiuf (D:2)
  2 bullfrog skeletons (D:4)
  Jessica (D:2)
  8 worker ants
  An iguana (D:5)
  8 orc wizards
  The ghost of koelner the Stinger, a weakling DsVM (D:4)
  A worker ant zombie (D:8)
  A howler monkey zombie (D:6)
  A howler monkey skeleton (D:7)
  14 adders
  A shadow imp (D:6)
  2 adder skeletons
  2 adder zombies
  2 worms
  2 dart slugs
  2 leopard geckos
  30 orcs
  4 bats
  4 giant cockroaches
  6 goblins
  8 hobgoblins
  5 quokkas
  A ball python (D:4)
  4 frilled lizards
  5 kobolds
  A leopard gecko skeleton (D:7)
  5 rats
  A plant (Lair:1)
194 creatures vanquished.

Vanquished Creatures (others)
  A scorpion (D:6)
  An orc wizard (D:6)
2 creatures vanquished.

Grand Total: 196 creatures vanquished

Notes
Turn   | Place    | Note
-------+----------+-------------------------------------------
     0 | D:1      | KleinerIrrer the Draconian Conjurer began the quest for the Orb.
     0 | D:1      | Reached XP level 1. HP: 14/14 MP: 3/3
   469 | D:2      | Reached XP level 2. HP: 20/20 MP: 1/5
   758 | D:2      | Reached XP level 3. HP: 17/26 MP: 3/6
   924 | D:2      | Reached skill level 5 in Conjurations
  1182 | D:2      | Reached XP level 4. HP: 29/33 MP: 0/7
  1322 | D:2      | Found a runed door.
  1348 | D:2      | Noticed Jessica
  1353 | D:2      | Killed Jessica
  1523 | D:2      | Noticed Crazy Yiuf
  1534 | D:2      | Killed Crazy Yiuf
  1534 | D:2      | Reached XP level 5. HP: 2/38 MP: 0/9
  2201 | D:3      | Found an opulent altar of Gozag.
  2478 | D:3      | Found a hazy altar of Hepliaklqana.
  2752 | D:4      | Reached XP level 6. HP: 36/45 MP: 2/11
  2807 | D:4      | Reached skill level 6 in Conjurations
  3074 | D:4      | Noticed koelner's ghost (weakling DsVM)
  3254 | D:4      | Killed koelner's ghost
  3688 | D:4      | Found a burning altar of Makhleb.
  3787 | D:4      | Your scales start taking on a glossy black colour.
  3787 | D:4      | Reached XP level 7. HP: 48/50 MP: 3/12
  3787 | D:4      | Gained mutation: You are resistant to electric shocks. (rElec) [Black Draconian growth]
  3851 | D:4      | Found a staircase to the Ecumenical Temple.
  3904 | Temple   | Entered the Ecumenical Temple
  3920 | Temple   | Became a worshipper of Vehumet
  4137 | D:5      | Entered Level 5 of the Dungeon
  4262 | D:5      | Learned a level 4 spell: Iskenderun's Mystic Blast
  4263 | D:5      | Found Urphacall's Book Shop.
  4699 | D:5      | Noticed Sigmund
  5079 | D:5      | Found a blossoming altar of Fedhas.
  5135 | D:5      | You fall through a shaft for 3 floors!
  5611 | D:8      | Reached XP level 8. HP: 57/57 MP: 9/15
  5625 | D:8      | Reached skill level 7 in Conjurations
  5777 | D:7      | Noticed Menkaure
  5789 | D:6      | Reached skill level 5 in Spellcasting
  5974 | D:6      | Reached * piety under Vehumet
  5974 | D:6      | Offered knowledge of Shock by Vehumet.
  6375 | D:5      | Found a shadowy altar of Dithmenos.
  6546 | D:6      | Reached skill level 5 in Dodging
  7508 | D:7      | Killed Menkaure
  7508 | D:7      | Reached skill level 8 in Conjurations
  7784 | D:7      | Reached XP level 9. HP: 40/62 MP: 18/18
  7944 | D:7      | Noticed a two-headed ogre
  7953 | D:7      | HP: 2/62 [two-headed ogre/giant club (18)]
  7954 | D:7      | Killed a two-headed ogre
  8440 | D:7      | Noticed FireFart's ghost (novice GrFE)
  8801 | D:7      | Reached skill level 9 in Conjurations
  8808 | D:7      | Offered knowledge of Flame Tongue by Vehumet.
  8820 | D:7      | Reached ** piety under Vehumet
  9034 | D:7      | Learned a level 5 spell: Lightning Bolt
  9043 | D:7      | Found a shimmering altar of Xom.
  9043 | D:7      | Found a shimmering altar of Xom.
  9043 | D:7      | Found a shimmering altar of Xom.
  9043 | D:7      | Found a shimmering altar of Xom.
  9043 | D:7      | Found a shimmering altar of Xom.
  9556 | D:8      | Reached skill level 1 in Air Magic
  9742 | D:9      | Reached XP level 10. HP: 19/69 MP: 5/22
 10062 | D:9      | Noticed Joseph
 10092 | D:9      | Noticed Psyche
 10967 | D:8      | Found a staircase to the Lair.
 11197 | D:8      | Offered knowledge of Ignite Poison by Vehumet.
 11241 | Lair:1   | Entered Level 1 of the Lair of Beasts
 11282 | Lair:1   | Reached *** piety under Vehumet
 11948 | Lair:1   | Reached skill level 10 in Conjurations
 12079 | Lair:1   | Noticed a spiny frog
 12089 | Lair:1   | Killed a spiny frog
 12206 | Lair:2   | Noticed a five-headed hydra
 12213 | Lair:1   | Slain by a crocodile

Skill      XL: |  1  2  3  4  5  6  7  8  9 10 |
---------------+-------------------------------+-----
Dodging        | 2 3 4 5 6 7 |  7.1
Conjurations   | 5 6 8 9 10 | 10.0
Stealth        | 2 3 4 |  4.9
Spellcasting   | 3 4 6 8 |  8.9
Air Magic      | 2 4 |  4.3

Action                   |  1- 3 |  4- 6 |  7- 9 | 10-12 || total
-------------------------+-------+-------+-------+-------++-------
Melee: Unarmed           |    48 |     8 |       |       ||    56
       Tailslap          |     2 |     7 |    18 |    20 ||    47
       Dagger            |       |     2 |       |     4 ||     6
       Quarterstaff      |       |    82 |   149 |    71 ||   302
 Cast: Magic Dart        |    51 |    94 |   199 |    43 ||   387
       Iskenderun's Myst |       |       |    54 |    52 ||   106
       Lightning Bolt    |       |       |       |     8 ||     8
  Use: Scroll            |       |       |    17 |     2 ||    19
       Potion            |       |       |       |     3 ||     3
 Stab: Confused          |       |     1 |     1 |       ||     2
       Paralysed         |       |       |     2 |       ||     2
  Eat: Chunk             |     2 |     6 |    14 |    11 ||    33
       Bread ration      |       |     1 |     2 |     1 ||     4
       Fruit             |       |       |     3 |       ||     3
       Royal jelly       |       |       |     1 |       ||     1
Armor: Skin              |    26 |    40 |    76 |    73 ||   215
Dodge: Dodged            |    41 |    87 |   158 |   162 ||   448
